 Dungeon Crawl Stone Soup version 0.23.2-30-g0e89c35649 (webtiles) character file.

Game seed: 4400043166334046944

395 funkygono the Shield-Bearer (level 7, -13/54 HPs)
             Began as a Formicid Fighter on June 16, 2019.
             Mangled by an ogre
             ... wielding a +0 giant club
              (18 damage)
             ... on level 3 of the Dungeon.
             The game lasted 00:06:13 (2839 turns).

funkygono the Shield-Bearer (Formicid Fighter)      Turns: 2839, Time: 00:06:13

Health: -13/54     AC:  8    Str: 22    XL:     7   Next: 9%
Magic:  7/7        EV:  9    Int:  8    God:
Gold:   124        SH: 10    Dex: 10    Spells: 6/6 levels left

rFire    . . .     SeeInvis +   a - +2 flail
rCold    . . .     Gourm    .   c - +0 shield
rNeg     . . .     Faith    .   b - +0 scale mail
rPois    .         Spirit   .   (helmet unavailable)
rElec    .         Reflect  .   l - +0 cloak
rCorr    .         Harm     .   (no gloves)
MR       .....                  (no boots)
Stlth    ..........             (no amulet)
HPRegen  0.18/turn              (no ring)
MPRegen  0.10/turn              (no ring)

@: no status effects
A: permanent stasis, dig shafts and tunnels, four strong arms, antennae 3
a: Dig, Shaft Self


You were on level 3 of the Dungeon.
You were not hungry.

You visited 1 branch of the dungeon, and saw 4 of its levels.

You collected 124 gold pieces.

Inventory:

Hand Weapons
 a - a +2 flail (weapon)
 n - a +0 hunting sling
Missiles
 h - 157 stones (quivered)
 j - 24 sling bullets
Armour
 b - a +0 scale mail (worn)
 c - a +0 shield (worn)
 i - a +2 robe of magic resistance
 l - a +0 cloak (worn)
 p - a scarf of resistance
Wands
 k - a wand of polymorph (9)
Scrolls
 m - a scroll of amnesia
Potions
 d - a potion of might
 e - 4 potions of curing
 g - a potion of heal wounds {unknown}
Comestibles
 f - 7 rations


   Skills:
 + Level 4.3 Fighting
 + Level 4.2 Maces & Flails
 + Level 4.7 Armour
 + Level 1.1 Dodging
 + Level 0.5 Stealth
 + Level 5.4 Shields
 + Level 0.1 Unarmed Combat


You had 6 spell levels left.
You didn't know any spells.
Your spell library was empty.

Dungeon Overview and Level Annotations

Branches:
Dungeon (4/15)
 Temple: D:4-7

Altars:
Ashenzari
Cheibriados
Hepliaklqana
Qazlal
Ru
Uskayaw
Zin


Innate Abilities, Weirdness & Mutations

You cannot be hasted, slowed, berserked, paralysed or teleported.
You can dig through walls and to a lower floor.
Your four strong arms can wield two-handed weapons with a shield.
You have a pair of large antennae on your head. (SInv)


Message History

The ogre hits you with a +0 giant club!
You hit the ogre.
The ogre is heavily wounded.
You hit the ogre.
The ogre is severely wounded.
You block the ogre's attack.
Your shield prevents you from hitting the ogre.
The ogre is severely wounded.
The ogre hits you with a +0 giant club!!
You hit the ogre.
The ogre is almost dead.
You block the ogre's attack.
You hit the ogre.
The ogre is almost dead.
The ogre hits you with a +0 giant club!
* * * LOW HITPOINT WARNING * * *
You hit the ogre but do no damage.
The ogre is almost dead.
The ogre hits you with a +0 giant club!!
You die...

##.....###.....##......#.._
##.....##
##.....########.8. #8....8#
#8....8# ##..
##...#########...## ###
#...#...##.#....# #..
#.......##...#### #..
######...#.### ###
###.###.################
#.....#@...............#
#..(..O.............####
#.....#############.#<#⌠
#.....# #.#.## #.....#
####.#.## #.....# #......#.
#.....# #......'. #.....#
#......#. #.....# #...)..##


You could see an ogre.

Vanquished Creatures
  Sigmund (D:2)
  A water moccasin skeleton (D:3)
  A crimson imp (D:3)
  Natasha (thrice) (D:3)
  Terence (D:2)
  4 worms
  2 dart slugs
  2 orcs (D:3)
  2 giant cockroaches
  8 goblins
  4 hobgoblins
  4 jackals (D:2)
  5 kobolds
  4 bats
  3 frilled lizards
  5 rats
50 creatures vanquished.

Notes
Turn   | Place    | Note
-------+----------+-------------------------------------------
     0 | D:1      | funkygono the Formicid Fighter began the quest for the Orb.
     0 | D:1      | Reached XP level 1. HP: 18/18 MP: 1/1
   315 | D:1      | Reached XP level 2. HP: 21/24 MP: 2/2
   708 | D:2      | Noticed Sigmund
   716 | D:2      | Killed Sigmund
   716 | D:2      | Reached skill level 4 in Shields
   716 | D:2      | Reached XP level 3. HP: 12/30 MP: 3/3
   716 | D:2      | Reached XP level 4. HP: 15/37 MP: 4/4
   716 | D:2      | Reached XP level 5. HP: 17/42 MP: 5/5
   804 | D:2      | Found a stormy altar of Qazlal.
  1178 | D:2      | Noticed Terence
  1201 | D:2      | Killed Terence
  1201 | D:2      | Reached skill level 5 in Shields
  1201 | D:2      | Reached XP level 6. HP: 32/48 MP: 6/6
  1302 | D:2      | Found a stormy altar of Qazlal.
  1834 | D:3      | Noticed Natasha
  1853 | D:3      | Killed Natasha
  2018 | D:3      | Found a snail-covered altar of Cheibriados.
  2115 | D:3      | Found a hide-covered altar of Uskayaw.
  2115 | D:3      | Found a glowing silver altar of Zin.
  2137 | D:3      | Found a sacrificial altar of Ru.
  2152 | D:3      | Found a stormy altar of Qazlal.
  2206 | D:3      | Reached skill level 1 in Dodging
  2293 | D:3      | Found a shattered altar of Ashenzari.
  2302 | D:3      | Found a hazy altar of Hepliaklqana.
  2506 | D:3      | Noticed Natasha
  2511 | D:3      | Killed Natasha
  2511 | D:3      | Reached XP level 7. HP: 47/54 MP: 7/7
  2721 | D:3      | Noticed Natasha
  2739 | D:3      | Killed Natasha
  2839 | D:3      | Mangled by an ogre

Skill      XL: |  1  2  3  4  5  6 |
---------------+-------------------+-----
Fighting       | 4 |  4.3
Maces & Flails | 3 4 |  4.2
Armour         | 4 |  4.7
Shields        | 4 5 |  5.4
Dodging        | 1 |  1.1
Stealth        | |  0.5
Unarmed Combat | |  0.1

Action                   |  1- 3 |  4- 6 |  7- 9 || total
-------------------------+-------+-------+-------++-------
Melee: Flail             |    32 |   173 |    10 ||   215
       Unarmed           |       |       |    15 ||    15
 Abil: Dig               |       |     2 |       ||     2
  Use: Scroll            |     5 |     4 |       ||     9
 Stab: Sleeping          |       |     1 |       ||     1
  Eat: Chunk             |       |     5 |       ||     5
       Ration            |       |       |     1 ||     1
Armor: Scale mail        |    13 |    32 |     1 ||    46
       Robe              |       |    18 |       ||    18
Dodge: Dodged            |     9 |    59 |    10 ||    78
Block: Shield            |    19 |   106 |     4 ||   129
